 Dungeon Crawl Stone Soup version 0.31-a0-1204-ge2c1a860ed (webtiles) character file.

Game seed: 11363548076571486059

56 jlumianski the Ruffian (level 3, -4/28 HPs)
             Began as a Gnoll Shapeshifter on Dec 13, 2023.
             Slain by an orc priest
             ... wielding a +3 morningstar
              (13 damage)
             ... on level 4 of the Dungeon.
             The game lasted 00:05:23 (1281 turns).

jlumianski the Ruffian (Gnoll Shapeshifter)         Turns: 1281, Time: 00:05:23

Health: -4/28      AC:  6    Str: 15    XL:     3   Next: 97%
Magic:  4/4        EV: 12    Int:  9    God:
Gold:   100        SH:  0    Dex: 11    Spells: 4/4 levels left

rFire   . .          .
                       - Unarmed
rCold   . . .        (no shield)
rNeg    . . .        l - +1 ring mail
rPois   .            (helmet currently unavailable)
rElec   .            (cloak currently unavailable)
rCorr   .            (gloves currently unavailable)
SInv    .            (boots currently unavailable)
Will    .....        (no amulet)
Stlth   +            i - ring of wizardry
HPRegen 0.24/turn    (no ring)
MPRegen 0.09/turn

%: wizardry (x1)
@: beast-form
A: beast (slay +3), fangs 1, strong nose, distributed training
a: Begin Untransformation


You were on level 4 of the Dungeon.
You were a hulking beast.
You visited 1 branch of the dungeon, and saw 4 of its levels.

You collected 100 gold pieces.

Inventory:

Missiles
 m - 6 poisoned darts (quivered)
Armour
 a - a +0 animal skin
 k - a +0 helmet
 l - a +1 ring mail (worn)
Jewellery
 i - a ring of wizardry (left hand)
Talismans
 c - a beast talisman
 d - a flux talisman
Scrolls
 e - a scroll of noise
 f - a scroll of enchant weapon
 j - a scroll of blinking
Potions
 b - a potion of lignification
 g - a potion of mutation {unknown}
 h - a potion of haste {unknown}


   Skills:
 + Level 2.7 Fighting
 + Level 1.0 Short Blades
 + Level 1.0 Long Blades
 + Level 1.0 Axes
 + Level 1.0 Maces & Flails
 + Level 1.0 Polearms
 + Level 1.0 Staves
 + Level 1.0 Ranged Weapons
 + Level 1.0 Throwing
 + Level 1.0 Armour
 + Level 4.6 Dodging
 + Level 1.0 Stealth
 + Level 1.0 Shields
 + Level 6.5 Unarmed Combat
 + Level 1.0 Spellcasting
 + Level 0.7 Conjurations
 + Level 0.7 Hexes
 + Level 0.7 Summonings
 + Level 0.7 Necromancy
 + Level 0.7 Translocations
 + Level 0.7 Transmutations
 + Level 0.7 Fire Magic
 + Level 0.7 Ice Magic
 + Level 0.7 Air Magic
 + Level 0.7 Earth Magic
 + Level 0.7 Poison Magic
 + Level 1.1 Invocations
 + Level 1.0 Evocations
 + Level 6.5 Shapeshifting


You had 4 spell levels left.
You didn't know any spells.
Your spell library contained the following spells:

 Spells                   Type           Power      Damage    Failure   Level
 Summon Guardian Golem    Hex/Summ       1%         N/A       52%         3
 Orb of Destruction       Conj           0%         9d5       100%        7
 Spellforged Servitor     Conj/Summ      0%         N/A       100%        7


Dungeon Overview and Level Annotations

Branches:
Dungeon (4/15)
 Temple: D:4-7

Altars:


Innate Abilities, Weirdness & Mutations

You are a hulking beast.
Your limbs bulge with bestial killing power. (Slay +3)
You have very sharp teeth.
Your uncanny sense of smell can sniff out nearby items.
Your experience applies equally to all skills.


Message History

You punch the giant cockroach!
You kill the giant cockroach!
You see here a giant cockroach corpse.
e - a scroll labelled YGHAVANK DUADU
Found a stone staircase leading down.
You hear the rusting of a very distant drain.
There is a stone staircase leading down here.
You climb downwards.
Found 24 gold pieces and a scroll of identify.
There is a stone staircase leading up here.
You now have 86 gold pieces (gained 10).
Found a stone staircase leading down.
m - a scroll of identify
Found 6 poisoned darts.
You now have 100 gold pieces (gained 14).
Blink to where?
Press: ? - help, Dir - move target, f - you
Okay, then.
As you read the scroll of identify, it crumbles to dust.
e - a scroll of noise
Found a stone staircase leading down.
You see here 6 poisoned darts.
m - 6 poisoned darts
Found a bronze wand.
A hobgoblin comes into view.
The hobgoblin shouts!
You hear a shout!
The hobgoblin barely misses you.
You punch the hobgoblin!
You kill the hobgoblin!
An orc priest comes into view. It is wielding a +3 morningstar.
The orc priest shouts!
You hear a shout!
An orc comes into view. It is wielding a +0 club.
The orc priest hits you with a +3 morningstar!
You barely miss the orc priest.
An ogre comes into view. It is wielding a +0 giant spiked club.
The orc priest hits you with a +3 morningstar!
You closely miss the orc priest.
The ogre shouts!
The orc priest hits you with a +3 morningstar!
You die...

#..# ...# #####... ∆ ∆
..#..O###
##########.......##.
###........##..o......
.##.............o...#...
.........<....#.h.#.#..#
....##.....#...../#....#
...##.............>...#
............#......#..#
.##........##.....## ...
#.#........##....## ..
#................# #
..##......##...### ∆ ..
##..........##


You could see an ogre, an orc priest and an orc.

Vanquished Creatures
  An adder (D:3)
  A worm (D:3)
  3 dart slugs
  4 endoplasms (D:1)
  4 giant cockroaches
  4 goblins
  3 hobgoblins
  4 kobolds
  2 quokkas (D:1)
  4 ball pythons
  A bat (D:3)
  2 frilled lizards
  2 rats
35 creatures vanquished.

Notes
Turn   | Place    | Note
-------+----------+-------------------------------------------
     0 | D:1      | jlumianski the Gnoll Shapeshifter began the quest for the
                  | Orb.
     0 | D:1      | Reached XP level 1. HP: 17/17 MP: 1/1
   134 | D:1      | Reached XP level 2. HP: 22/23 MP: 2/2
   584 | D:1      | Reached XP level 3. HP: 28/28 MP: 3/3
  1073 | D:3      | Reached skill level 1 in Invocations
  1169 | D:3      | Reached skill level 1 in Short Blades
  1169 | D:3      | Reached skill level 1 in Long Blades
  1169 | D:3      | Reached skill level 1 in Axes
  1169 | D:3      | Reached skill level 1 in Maces & Flails
  1169 | D:3      | Reached skill level 1 in Polearms
  1169 | D:3      | Reached skill level 1 in Staves
  1169 | D:3      | Reached skill level 1 in Ranged Weapons
  1169 | D:3      | Reached skill level 1 in Throwing
  1169 | D:3      | Reached skill level 1 in Armour
  1169 | D:3      | Reached skill level 1 in Stealth
  1169 | D:3      | Reached skill level 1 in Shields
  1169 | D:3      | Reached skill level 1 in Spellcasting
  1169 | D:3      | Reached skill level 1 in Evocations
  1280 | D:4      | Noticed an ogre
  1281 | D:4      | Slain by an orc priest

Illustrated notes

Levels and vault maps discovered:
D:1:      dpeg_arrival_signposts, layout_rooms, roderic_lattice_a,
          grunt_decor_resistance, nicolae_eternal_life, corner_web_ring
D:2:      layout_loops_ring
D:3:      layout_loops_cross, basic_ecumenical_altar, gup_sewer_entry_spiral
D:4:      layout_cave_pools, roderic_serpentine_path,
          minmay_goblin_kobold_house, uniq_robin

Skill      XL: |  1  2  3 |
---------------+----------+-----
Invocations    | 1 |  1.1
Short Blades   | 1 |  1.0
Long Blades    | 1 |  1.0
Axes           | 1 |  1.0
Maces & Flails | 1 |  1.0
Polearms       | 1 |  1.0
Staves         | 1 |  1.0
Ranged Weapons | 1 |  1.0
Throwing       | 1 |  1.0
Armour         | 1 |  1.0
Stealth        | 1 |  1.0
Shields        | 1 |  1.0
Spellcasting   | 1 |  1.0
Evocations     | 1 |  1.0
Fighting       | |  2.7
Dodging        | |  4.6
Unarmed Combat | |  6.5
Conjurations   | |  0.7
Hexes          | |  0.7
Summonings     | |  0.7
Necromancy     | |  0.7
Translocations | |  0.7
Transmutations | |  0.7
Fire Magic     | |  0.7
Ice Magic      | |  0.7
Air Magic      | |  0.7
Earth Magic    | |  0.7
Poison Magic   | |  0.7
Shapeshifting  | |  6.5

Action                     || total
---------------------------++-------
  Melee: Unarmed           ||    70
         Bite              ||     4
         Punch             ||     2
    Use: Scroll            ||     5
 Armour: Animal skin       ||    15
         Ring mail         ||    18
  Dodge: Dodged            ||    37

Table legend: (Time is in decaauts)
 A = Elapsed time spent in this place.
 B = Non-inter-level travel time spent in this place.
 C = Inter-level travel time spent in this place.
 D = Time resting spent in this place.
 E = Time spent auto-exploring this place.
 F = Levels seen in this place.
 G = Mean time per level.
                   A        B        C        D        E       F      G
               +--------+--------+--------+--------+--------+-----+--------+
         Total |   1274 |   1235 |     39 |      0 |    759 |   4 |  318.5 |
       Dungeon |   1274 |   1235 |     39 |      0 |    759 |   4 |  318.5 |
               +--------+--------+--------+--------+--------+-----+--------+

Top non-repeatable levels by time:
     D:1: 778 daAuts
     D:3: 306 daAuts
     D:2: 154 daAuts
     D:4: 35 daAuts
